AoeStats
← JIJINz

Lombardia

510114726Analyzed
4v4 RM · 4d ago on Sep 29, 2026· 39m 16s· 8 players
Game mode
Random Map
Map size
Large (8 player)
Population
200
Speed
Normal
Resources
Standard
Victory
Conquest
Starting age
Dark Age
Ending age
Imperial Age
RankedLock teamsTeams togetherTeam positionsShared explorationLock speedFull tech treeHidden civsTurbo modeCheats
Victory
Defeat
🇨🇳 Franks · China
1568
+11
🇨🇳 Varangians · China
1555
+12
🇯🇵 Cumans · Japan
1540
+12
🇦🇷 Magyars · Argentina
1515
+13
🇭🇺 Magyars · Hungary
1541
-15
🇩🇪 Saracens · Germany
1458
-12
🇩🇪 Khmer · Germany
1438
-11
🇨🇳 Ethiopians · China
1407
-10
Krabbel
5:24 Loom
11:28 Feudal Age
14:33 Castle Age
13:06 Horse Collar
13:15 Double-Bit Axe
15:18 Heavy Plow
15:31 Bow Saw
19:34 Wheelbarrow
21:17 Gold Mining
22:01 Hand Cart
24:41 Gold Shaft Mining
25:20 Scale Barding Armor
25:26 Forging
25:28 Bloodlines
25:19 Husbandry
26:26 Caravan
31:40 Imperial Age
29:55 Chain Barding Armor
32:17 Iron Casting
31:50 Tusk Swords
31:37 Light Cavalry
33:52 Plate Barding Armor
34:22 Conscription
35:01 Fletching
35:40 Bodkin Arrow
38:19 Double Crossbow
the_kiri
6:47 Loom
9:01 Feudal Age
9:51 Double-Bit Axe
11:30 Horse Collar
18:52 Castle Age
17:52 Bloodlines
18:12 Forging
19:38 Wheelbarrow
19:47 Husbandry
21:13 Bow Saw
29:12 Town Watch
31:51 Scale Barding Armor
34:24 Iron Casting
37:25 Imperial Age
36:14 Hand Cart
36:02 Heavy Plow
36:06 Caravan
36:54 Chain Barding Armor
39:31 Blast Furnace
39:07 Plate Barding Armor
38:55 Conscription
DraveczB
8:53 Loom
11:52 Feudal Age
15:56 Castle Age
14:21 Double-Bit Axe
14:50 Horse Collar
17:26 Fletching
22:00 Husbandry
24:59 Bodkin Arrow
25:04 Padded Archer Armor
26:33 Wheelbarrow
27:05 Bloodlines
27:22 Thumb Ring
28:07 Bow Saw
28:00 Heavy Plow
28:59 Ballistics
28:33 Stone Mining
28:33 Gold Mining
30:12 Hand Cart
29:43 Town Watch
34:45 Imperial Age
32:34 Corvinian Army
33:17 Leather Archer Armor
33:26 Town Patrol
34:41 Scale Barding Armor
34:46 Heavy Cavalry Archer
35:52 Parthian Tactics
36:29 Chemistry
35:30 Bracer
36:00 Ring Archer Armor
35:57 Recurve Bow
36:18 Conscription
JieX
5:45 Loom
8:38 Feudal Age
9:04 Double-Bit Axe
14:09 Fletching
14:25 Horse Collar
15:49 Gold Mining
21:48 Castle Age
23:34 Bow Saw
23:52 Bodkin Arrow
23:20 Crossbowman
Chim cu đi tắm
11:13 Feudal Age
14:56 Castle Age
12:49 Horse Collar
13:26 Double-Bit Axe
16:05 Bow Saw
16:38 Loom
17:26 Heavy Plow
21:50 Wheelbarrow
24:38 Hand Cart
24:19 Stone Mining
24:41 Gold Mining
29:29 Imperial Age
27:55 Corvinian Army
28:01 Scale Barding Armor
28:00 Husbandry
28:39 Fletching
30:06 Chain Barding Armor
29:58 Bloodlines
31:14 Two-Man Saw
30:51 Crop Rotation
31:15 Gold Shaft Mining
31:03 Conscription
31:30 Plate Barding Armor
30:56 Elite Magyar Huszar
33:50 Bodkin Arrow
34:57 Chemistry
34:18 Ballistics
34:10 Masonry
34:36 Hoardings
34:34 Bracer
34:35 Padded Archer Armor
34:48 Treadmill Crane
35:04 Murder Holes
36:28 Leather Archer Armor
37:12 Thumb Ring
37:32 Parthian Tactics
38:08 Ring Archer Armor
37:00 Heavy Cavalry Archer
Snow_Boss
11:18 Feudal Age
14:55 Castle Age
13:03 Double-Bit Axe
13:36 Horse Collar
16:25 Bow Saw
18:00 Loom
21:18 Heavy Plow
25:00 Wheelbarrow
24:59 Bloodlines
26:40 Husbandry
26:48 Scale Barding Armor
28:06 Chain Barding Armor
28:24 Forging
29:15 Hand Cart
33:30 Imperial Age
32:00 Iron Casting
33:04 Town Watch
35:27 Blast Furnace
33:49 Elite Jarl
34:53 Conscription
35:22 Plate Barding Armor
JIJINz
8:42 Feudal Age
6:58 Loom
9:26 Double-Bit Axe
10:11 Horse Collar
22:02 Castle Age
20:44 Gold Mining
20:49 Stone Mining
22:26 Wheelbarrow
22:40 Scale Barding Armor
22:46 Forging
23:01 Bow Saw
22:52 Heavy Plow
23:18 Bloodlines
24:05 Town Watch
26:23 Chain Barding Armor
27:30 Fletching
33:37 Imperial Age
31:35 Steppe Husbandry
32:34 Iron Casting
31:21 Light Cavalry
32:23 Hand Cart
33:05 Gold Shaft Mining
35:07 Plate Barding Armor
34:58 Conscription
34:13 Capped Ram
34:26 Cavalier
36:52 Blast Furnace
35:34 Hussar
36:22 Paladin
38:10 Bodkin Arrow
37:50 Siege Ram
Long-Long-Way
9:36 Loom
12:44 Feudal Age
14:15 Double-Bit Axe
17:08 Castle Age
17:09 Scale Barding Armor
22:13 Husbandry
25:46 Wheelbarrow
25:24 Town Watch
26:43 Chain Barding Armor
27:23 Bow Saw
33:42 Imperial Age
32:12 Hand Cart
32:09 Forging
32:00 Scale Mail Armor
32:32 Squires
32:32 Gold Mining
32:33 Stone Mining
33:11 Fortified Wall
33:55 Elite Throwing Axeman
35:47 Iron Casting
35:27 Chain Mail Armor
35:20 Ordonnance Companies
37:18 Conscription
37:35 Hoardings
38:11 Plate Mail Armor
38:42 Blast Furnace
38:17 Cavalier
39:46 Chivalry
Connection lost

Rejoining the realm…

Still unreachable

The connection could not be restored.

Session expired

The server has moved on; the page needs a fresh start.